 Dungeon Crawl Stone Soup version 0.24-a0-361-g57161393b2 (webtiles) character file.

Game seed: 17114863533880108842

15409 Iscandelvey the Jinx (level 12, -4/77 HPs)
             Began as a Demonspawn Arcane Marksman on May 26, 2019.
             Was a High Priest of Kikubaaqudgha.
             Engulfed by a cloud of freezing vapour (19 damage)
             ... in an ice cave on May 27, 2019.
             The game lasted 03:02:20 (20513 turns).

Iscandelvey the Jinx (Demonspawn Arcane Marksman)  Turns: 20513, Time: 03:02:20

Health: -4/77      AC: 11    Str: 12    XL:     12   Next: 1%
Magic:  24/24      EV: 21    Int: 19    God:    Kikubaaqudgha [*****.]
Gold:   678        SH:  5    Dex: 18    Spells: 3/28 levels left

rFire    . . .     SeeInvis .   z - +2 scimitar (flame)
rCold    . . .     Gourm    .   U - +0 buckler
rNeg     . . .     Faith    .   r - +0 leather armour
rPois    .         Spirit   .   I - +0 helmet
rElec    .         Reflect  .   (no cloak)
rCorr    .         Harm     .   (no gloves)
MR       +....                  R - +1 pair of boots
Stlth    ++........             e - amulet of regeneration
HPRegen  0.62/turn              s - ring of protection from magic
MPRegen  0.19/turn              P - +2 ring of protection

@: agile, very slightly contaminated
A: icy blue scales 2, powered by death 2, powered by pain 2
a: Receive Corpses, Torment, Renounce Religion


You were in an ice cave.
You worshipped Kikubaaqudgha.
Kikubaaqudgha was extremely pleased with you.
You were very hungry.

You visited 3 branches of the dungeon, and saw 13 of its levels.
You visited the Abyss 1 time.
You also visited: Ice Cave.

You collected 776 gold pieces.
You spent 98 gold pieces at shops.

Inventory:

Hand Weapons
 a - a +0 hunting sling
 i - the +1 spear of Dried Tears {pierce, Stlth+}
   (You found it on level 5 of the Dungeon)

   It inflicts extra damage upon your enemies.
   It makes you more stealthy.
 l - a +1 hand axe of electrocution
 z - a +2 scimitar of flaming (weapon)
Missiles
 d - 79 sling bullets
 g - 247 stones
 m - 20 poisoned darts (quivered)
 p - a throwing net
 t - 3 curare-tipped darts
 y - 2 boomerangs
 L - 2 boomerangs of dispersal
 O - a silver javelin
 X - 2 atropa-tipped darts
Armour
 r - a +0 leather armour (worn)
 I - a +0 helmet (worn)
 R - a +1 pair of boots (worn)
 U - a +0 buckler (worn)
Magical Staves
 v - an uncursed staff of power
Jewellery
 e - an amulet of regeneration (around neck)
 s - a ring of protection from magic (left hand)
 G - an uncursed ring of see invisible
 M - an uncursed amulet of guardian spirit
 P - a +2 ring of protection (right hand)
Wands
 k - a wand of disintegration (11)
 o - a wand of flame (16)
 H - a wand of paralysis (9)
 K - a wand of enslavement (9)
 T - a wand of iceblast (2)
 Z - a wand of scattershot (5)
Scrolls
 c - 4 scrolls of teleportation
 h - 2 scrolls of fog
 u - 8 scrolls of remove curse
 w - 2 scrolls of fear
 x - 3 scrolls of amnesia
 B - 2 scrolls of enchant armour
 D - 5 scrolls of immolation
 N - a scroll of magic mapping
Potions
 b - a potion of mutation
 j - 2 potions of lignification
 C - a potion of ambrosia
 E - a potion of degeneration {unknown}
 F - 2 potions of flight
 J - a potion of agility {unknown}
 Q - a potion of curing
Comestibles
 f - 24 rations


   Skills:
 - Level 1.2 Fighting
 - Level 2.5(5.8) Slings
 * Level 8.3(8.5) Throwing
 - Level 2.6 Armour
 - Level 6.1 Dodging
 - Level 4.0 Shields
 * Level 8.5 Spellcasting
 * Level 9.8 Hexes
 * Level 8.3 Necromancy


You had 3 spell levels left.
You knew the following spells:

 Your Spells              Type           Power        Failure   Level  Hunger
a - Corona                Hex            #####..      1%          1    None
b - Slow                  Hex            #####...     1%          2    None
c - Cause Fear            Hex            #####.....   1%          4    ###....
d - Vampiric Draining     Necr           #####.....   1%          3    None
e - Sublimation of Blood  Necr           #####.....   1%          2    None
f - Dispel Undead         Necr           #####...     10%         5    #####..
g - Summon Guardian Gole  Hex/Summ       ####....     4%          3    None
h - Agony                 Necr           #####...     10%         5    #####..

Your spell library contained the following spells:

 Spells                   Type           Power        Failure   Level  Hunger
 Pain                     Necr           ####         1%          1    None
 Corpse Rot               Necr           N/A          1%          2    None
 Inner Flame              Hex/Fire       ####....     4%          3    None
 Portal Projectile        Hex/Tloc       ####..       4%          3    None
 Summon Small Mammal      Summ           #...         11%         1    None
 Call Imp                 Summ           #.......     17%         2    None
 Call Canine Familiar     Summ           #.......     32%         3    None
 Leda's Liquefaction      Hex/Erth       ####......   14%         4    ###....
 Bolt of Draining         Conj/Necr      ###.......   50%         5    #####..
 Excruciating Wounds      Chrm/Necr      ###.......   50%         5    #####..
 Summon Ice Beast         Ice/Summ       #.......     73%         4    ###....
 Summon Lightning Spire   Summ/Air       #.......     73%         4    ###....
 Simulacrum               Ice/Necr       ###.......   97%         6    ######.


Dungeon Overview and Level Annotations

Branches:
Dungeon (11/15)            Temple (1/1) D:7            Lair (1/6) D:11
    Orc: D:9-12

Altars:
Ashenzari
Cheibriados
Dithmenos
Elyvilon
Gozag
Hepliaklqana
Kikubaaqudgha
Makhleb
Nemelex Xobeh
Okawaru
Qazlal
Ru
Trog
Uskayaw
Vehumet
Wu Jian
Xom
Yredelemnul
The Shining One

Shops:
D:4 [   D:5 ?

Annotations:
D:4 2 runed translucent doors, Edmund; Stiffzip's ghost, amateur SpEn
D:6 1 runed translucent door, Crazy Yiuf IceCv exclusion: ice statue


Innate Abilities, Weirdness & Mutations

You are mostly covered in icy blue scales. (AC +3)
You regenerate health from kills.
You sometimes gain power by taking damage.


Message History

The ice beast is heavily wounded.
The ice beast hits you but does no damage.
You hit the ice beast.
You melt the ice beast.
The ice beast is heavily wounded.
The ice beast closely misses you.
You riposte.
You hit the ice beast.
You melt the ice beast.
The ice beast is severely wounded.
The ice beast misses you.
You riposte.
You hit the ice beast.
You melt the ice beast.
The ice beast is almost dead.
You hit the ice beast.
You melt the ice beast.
You kill the ice beast!
You start resting.
You are engulfed in freezing vapours.
* * * LOW HITPOINT WARNING * * *
You are engulfed in freezing vapours.
* * * LOW HITPOINT WARNING * * *
You feel better.
You are engulfed in freezing vapours.
You die...
Kikubaaqudgha rasps: "You have failed me!
Welcome... death!"

#### ##.#.#### ####
##.......# #### ##..##
#.......####§§#####....##
#........##§§§@##.......#
#......☼...§#§§§....∩.∩.#
##.....○§☼§###°°°.......#
#.....○§### ##§☼##....##
#.....○## ######..##
#.....°8# #### ##....○##
##.○..# ##..##


There were no monsters in sight!

Vanquished Creatures
  2 two-headed ogres
  Erica (D:10)
  A queen ant (D:9)
  A cyclops (D:11)
  An orc knight (D:10)
  An ice statue (IceCv)
  A spiny frog (Lair:1)
  A merfolk (D:9)
  A queen bee (D:10)
  A hippogriff (Lair:1)
  Eustachio (D:6)
  6 yaks (D:11)
  A basilisk (D:11)
  Menkaure (D:6)
  20 soldier ants
  8 porcupines
  A water moccasin (Lair:1)
  5 orc warriors
  A sky beast (D:7)
  2 black bears (D:10)
  2 ice beasts
  3 phantoms
  2 ogres
  3 centaurs
  3 crocodiles
  2 big kobolds
  Blork the orc (D:6)
  8 bullfrogs
  A scorpion (D:5)
  35 killer bees
  3 wights (D:11)
  3 howler monkeys (D:11)
  7 crimson imps
  2 bullfrog zombies
  A quasit (Abyss:3)
  6 orc priests
  5 hounds
  A gnoll shaman (D:8)
  3 jellies
  5 orc wizards
  A centaur skeleton (D:4)
  2 iguanas (D:7)
  A bullfrog skeleton (D:10)
  27 worker ants
  A hound zombie (D:3)
  A worker ant zombie (D:5)
  10 gnolls
  10 adders
  4 shadow imps
  17 white imps
  2 ufetubi (IceCv)
  An ooze (D:7)
  An adder zombie (D:7)
  4 dart slugs
  3 leopard geckos
  45 orcs
  2 ball pythons
  9 bats
  6 giant cockroaches
  9 goblins
  14 hobgoblins
  7 jackals
  19 kobolds
  2 quokkas
  5 frilled lizards
  A jackal skeleton (D:4)
  8 rats
365 creatures vanquished.

Vanquished Creatures (others)
  A reaper (IceCv)
  An orc wizard (D:8)
  2 white imps (IceCv)
  3 ufetubi (IceCv)
  3 bushes (D:11)
  4 fungi (D:11)
  14 plants
28 creatures vanquished.

Grand Total: 393 creatures vanquished

Notes
Turn   | Place    | Note
-------+----------+-------------------------------------------
     0 | D:1      | Iscandelvey the Demonspawn Arcane Marksman began the quest
                  | for the Orb.
     0 | D:1      | Reached XP level 1. HP: 15/15 MP: 2/2
   124 | D:1      | Gained mutation: You sometimes gain a little power by
                  | taking damage. [demonic ancestry]
   124 | D:1      | Reached XP level 2. HP: 18/21 MP: 3/3
   466 | D:1      | Gained mutation: You regenerate a little health from kills.
                  | [demonic ancestry]
   466 | D:1      | Reached XP level 3. HP: 26/26 MP: 4/4
   470 | D:1      | Learned a level 2 spell: Slow
  1772 | D:3      | Reached skill level 1 in Throwing
  1809 | D:3      | Gained mutation: You regenerate health from kills. [demonic
                  | ancestry]
  1809 | D:3      | Reached XP level 4. HP: 32/32 MP: 2/6
  2229 | D:3      | Reached skill level 4 in Hexes
  2229 | D:3      | Reached XP level 5. HP: 37/37 MP: 1/8
  2328 | D:3      | Found a stormy altar of Qazlal.
  2328 | D:3      | Found a bloodstained altar of Trog.
  2439 | D:3      | Found a glowing golden altar of the Shining One.
  3553 | D:4      | Found a radiant altar of Vehumet.
  3595 | D:4      | Found a runed translucent door.
  3599 | D:4      | Noticed Stiffzip's ghost (amateur SpEn)
  3604 | D:4      | Found Helumn's Armour Shop.
  3727 | D:4      | Noticed Edmund
  3888 | D:4      | Reached XP level 6. HP: 31/43 MP: 5/9
  4715 | D:4      | Found a hide-covered altar of Uskayaw.
  4715 | D:4      | Noticed a +0 dagger
  4717 | D:4      | Noticed a +0 hand axe
  5094 | D:4      | Reached skill level 5 in Hexes
  5094 | D:4      | Reached XP level 7. HP: 48/48 MP: 9/12
  5114 | D:4      | Found a runed translucent door.
  5225 | D:5      | Entered Level 5 of the Dungeon
  5555 | D:5      | Got a shimmering spear
  5556 | D:5      | Identified the cursed +1 spear of Dried Tears {pierce,
                  | Stlth+} (You found it on level 5 of the Dungeon)
  5855 | D:6      | Noticed Eustachio
  5926 | D:6      | Killed Eustachio
  6030 | D:6      | Noticed Menkaure
  6073 | D:6      | HP: 2/48 [Menkaure/nerve-wracking pain (13)]
  6865 | D:5      | Found Qadiessez's Magic Scroll Shoppe.
  6879 | D:5      | Bought a scroll of magic mapping for 49 gold pieces
  6879 | D:5      | Bought a scroll of immolation for 49 gold pieces
  7007 | D:5      | Gained mutation: You sometimes gain power by taking damage.
                  | [demonic ancestry]
  7007 | D:5      | Reached XP level 8. HP: 47/54 MP: 11/14
  7071 | D:6      | Learned a level 4 spell: Cause Fear
  7104 | D:6      | Killed Menkaure
  7104 | D:6      | Reached skill level 6 in Hexes
  7240 | D:6      | Found a sparkling altar of Nemelex Xobeh.
  7295 | D:6      | Noticed Blork the orc
  7312 | D:6      | Killed Blork the orc
  7731 | D:6      | Found a runed translucent door.
  7732 | D:6      | Noticed Crazy Yiuf
  8070 | D:7      | Reached skill level 5 in Spellcasting
  8140 | D:7      | Reached skill level 5 in Throwing
  8808 | D:7      | Found a staircase to the Ecumenical Temple.
  8817 | Temple   | Entered the Ecumenical Temple
  8821 | Temple   | Became a worshipper of Kikubaaqudgha
  9217 | D:7      | Reached skill level 7 in Hexes
  9217 | D:7      | Gained mutation: You are partially covered in icy blue
                  | scales. (AC +2) [demonic ancestry]
  9217 | D:7      | Reached XP level 9. HP: 48/59 MP: 15/17
  9341 | D:7      | Found an opulent altar of Gozag.
  9668 | D:7      | Found a bloodstained altar of Trog.
 10288 | D:8      | Noticed a two-headed ogre
 10814 | D:8      | Reached * piety under Kikubaaqudgha
 10814 | D:8      | Identified Kikubaaqudgha's Papyrus of Dark Rites
                  | (Kikubaaqudgha gifted it to you on level 8 of the Dungeon)
 10814 | D:8      | Received a gift from Kikubaaqudgha
 10881 | D:7      | Learned a level 3 spell: Vampiric Draining
 10884 | D:7      | Learned a level 2 spell: Sublimation of Blood
 11135 | D:8      | Reached skill level 1 in Shields
 11155 | D:8      | Reached skill level 1 in Necromancy
 11596 | D:8      | Found an ornate altar of the Wu Jian Council.
 12026 | D:7      | Killed a two-headed ogre
 12026 | D:7      | Reached skill level 5 in Dodging
 12277 | D:8      | Noticed a four-headed hydra
 13558 | D:8      | Noticed a two-headed ogre
 13601 | D:8      | Killed a two-headed ogre
 13601 | D:8      | Gained mutation: You are mostly covered in icy blue scales.
                  | (AC +3) [demonic ancestry]
 13601 | D:8      | Reached XP level 10. HP: 51/65 MP: 5/19
 13824 | D:9      | Found a shimmering altar of Xom.
 13825 | D:9      | Found a burning altar of Makhleb.
 13919 | D:9      | Found a sacrificial altar of Ru.
 14525 | D:9      | Reached skill level 5 in Necromancy
 14731 | D:9      | Reached ** piety under Kikubaaqudgha
 14731 | D:9      | Reached skill level 8 in Hexes
 14761 | D:9      | Noticed a queen ant
 14774 | D:9      | Killed a queen ant
 15746 | D:9      | Reached XP level 11. HP: 70/70 MP: 21/21
 15925 | D:9      | Cast into level 3 of the Abyss (a distortion unwield)
 16156 | D:9      | Escaped the Abyss
 16186 | D:10     | Entered Level 10 of the Dungeon
 16521 | D:10     | Reached *** piety under Kikubaaqudgha
 16521 | D:10     | Identified Kikubaaqudgha's Reference Book on Evil
                  | (Kikubaaqudgha gifted it to you on level 10 of the Dungeon)
 16521 | D:10     | Received a gift from Kikubaaqudgha
 16699 | D:10     | Noticed an orc knight
 16997 | D:10     | Noticed Erica
 17040 | D:10     | Killed Erica
 17040 | D:10     | Reached skill level 1 in Armour
 17450 | D:10     | Reached skill level 9 in Hexes
 18723 | D:10     | Killed an orc knight
 19215 | D:11     | Reached **** piety under Kikubaaqudgha
 19441 | D:11     | Found a staircase to the Lair.
 19855 | Lair:1   | Entered Level 1 of the Lair of Beasts
 20073 | Lair:1   | Learned a level 5 spell: Dispel Undead
 20077 | Lair:1   | Learned a level 3 spell: Summon Guardian Golem
 20083 | Lair:1   | Learned a level 5 spell: Agony
 20116 | Lair:1   | Found a frozen archway.
 20142 | IceCv    | Entered an ice cave
 20182 | IceCv    | Reached ***** piety under Kikubaaqudgha
 20310 | IceCv    | Killed a reaper
 20469 | IceCv    | Reached XP level 12. HP: 72/77 MP: 24/24
 20513 | IceCv    | Engulfed by a cloud of freezing vapour

Levels and vault maps discovered:
D:1:      wander_arrival_estate, layout_loops_corners
D:2:      layout_rooms
D:3:      layout_basic, lemuel_doored_altar, gammafunk_temple_overflow_statue
D:4:      layout_gridville, dancing_weapons_uskayaw, overflow_temple_1_default,
          ebering_ghost_sewer_f, serial_shops, shop_statue, uniq_edmund
D:5:      layout_gridville, serial_shops, nicolae_shop_waterfront, first_ration
D:6:      layout_cave_pools, nemelex_xobeh_ov_fountains_minmay,
          uniq_blork_the_orc, uniq_eustachio, uniq_crazy_yiuf_cottage,
          uniq_menkaure
D:7:      layout_rooms, minmay_temple_entry_statues_fountains, basic_altar,
          trog_butcher_becter
D:8:      hangedman_cross_stitches, layout_basic, overflow_temple_1_default
D:9:      layout_rooms, grunt_temple_overflow_champion_of_chaos,
          nicolae_overflow_crystal_walls, hangedman_fish_farm, minivault_29
D:10:     cheibrodos_orc_bank, layout_layer_cave, minivault_7, uniq_erica
D:11:     layout_basic, minmay_lair_entry_grove, erik_orc_1
Temple:   nicolae_temple_x_marks_the_god
Lair:1:   layout_loops_ring, portal_ice_cave_entry_imps, grunt_megastairs_4
IceCv:    ice_cave_small_demon

Skill      XL: |  1  2  3  4  5  6  7  8  9 10 11 |
---------------+----------------------------------+-----
Slings         | 2 |  2.5
Dodging        | 2 3 4 5 6 |  6.1
Throwing       | 1 2 3 4 5 6 7 8 |  8.3
Spellcasting   | 2 3 4 5 6 7 8 |  8.5
Hexes          | 4 5 7 8 9 |  9.8
Shields        | 4 |  4.0
Necromancy     | 4 6 8 |  8.3
Armour         | 2 |  2.6
Fighting       | |  1.2

Action                   |  1- 3 |  4- 6 |  7- 9 | 10-12 || total
-------------------------+-------+-------+-------+-------++-------
Melee: Dagger            |     7 |    18 |       |       ||    25
       Hand axe          |       |       |   243 |   293 ||   536
       Spear             |       |       |    89 |   176 ||   265
       Staff             |       |       |       |    19 ||    19
       Scimitar          |       |       |       |   224 ||   224
       Rapier            |       |       |       |     5 ||     5
 Fire: Hunting sling     |   137 |   234 |   250 |    78 ||   699
Throw: Dart              |       |       |    12 |   150 ||   162
       Javelin           |       |       |     3 |       ||     3
       Boomerang         |       |       |    39 |    20 ||    59
 Cast: Slow              |     8 |    28 |    81 |    65 ||   182
       Corona            |     3 |    31 |    88 |    63 ||   185
       Cause Fear        |       |       |    10 |     2 ||    12
       Vampiric Draining |       |       |       |    63 ||    63
       Summon Guardian G |       |       |       |     1 ||     1
Evoke: Wand              |       |       |       |     1 ||     1
  Use: Scroll            |       |     5 |     1 |    12 ||    18
       Potion            |       |       |     2 |     8 ||    10
 Stab: Sleeping          |       |       |     2 |     4 ||     6
  Eat: Chunk             |     3 |    13 |    19 |    21 ||    56
       Ration            |       |       |     3 |     1 ||     4
Armor: Robe              |     5 |       |       |       ||     5
       Leather armour    |    10 |    22 |   108 |   237 ||   377
Dodge: Dodged            |    30 |    68 |   289 |   673 ||  1060
Block: Buckler           |       |       |    31 |   221 ||   252
       Rpst.: Scimitar   |       |       |       |    77 ||    77

Table legend:
 A = Non-vault XP
 B = Vault XP
 C = Vault XP percentage of total XP
 D = Non-vault monster count
 E = Vault monster count
 F = Vault count percentage of total count
                 A         B        C        D         E       F
            +---------+---------+-------+---------+---------+-------
      Total |   10116 |   11898 |  54.0 |     243 |     123 |  33.6
            +---------+---------+-------+---------+---------+-------
        D:1 |      62 |       0 |   0.0 |      36 |       0 |   0.0
        D:2 |      24 |       0 |   0.0 |      13 |       0 |   0.0
        D:3 |     209 |       0 |   0.0 |      34 |       0 |   0.0
        D:4 |     486 |       0 |   0.0 |      19 |       0 |   0.0
        D:5 |     371 |       0 |   0.0 |      15 |       0 |   0.0
        D:6 |     493 |     473 |  49.0 |      15 |       3 |  16.7
        D:7 |    2010 |     238 |  10.6 |      27 |       4 |  12.9
        D:8 |    1614 |     464 |  22.3 |      20 |       9 |  31.0
        D:9 |     470 |    5013 |  91.4 |      11 |      42 |  79.2
       D:10 |    1743 |    2985 |  63.1 |      32 |      33 |  50.8
       D:11 |    1051 |    2097 |  66.6 |      11 |      12 |  52.2
     Lair:1 |    1537 |     121 |   7.3 |       9 |      12 |  57.1
    Abyss:3 |      46 |       0 |   0.0 |       1 |       0 |   0.0
      IceCv |       0 |     507 | 100.0 |       0 |       8 | 100.0
            +---------+---------+-------+---------+---------+-------
